HSSL
BUTLER HS GOLDEN TORNADO @ TACOMA HS TORCHMEN
05/02/2030
 
TOP OF THE 1ST
Butler HS Golden Tornado batting - Pitching for Tacoma HS Torchmen : LHP Zack Johnson
Pitching: LHP Zack Johnson
Batting: RHB Nick Washington 0-0: SINGLE (Groundball, 4MD)
Batting: RHB Blake Carpenter 0-0: Called Strike
0-1: Fly out, F7 (Flyball, 78S)
Batting: LHB Francisco Sousa 0-0: Hit by Pitch
Nick Washington to second
Batting: RHB Gary Estes 0-0: SINGLE (Flyball, 7S)
Nick Washington to third
Francisco Sousa to second
Runner from 3rd tries for Home, SAFE, no throw
Batting: RHB Miguel Gómes 0-0: Ball
1-0: Ball
2-0: Foul Ball, location: 2F
2-1: Foul Ball, location: 2F
2-2: Ball
3-2: Base on Balls
Francisco Sousa to third
Gary Estes to second
Batting: RHB Luis Mota 0-0: Ball
1-0: Foul Ball, location: 2F
1-1: Ball
2-1: Foul Ball, location: 2F
2-2: SINGLE (Groundball, 6MD)
Francisco Sousa scores
Gary Estes to third
Miguel Gómes to second
Runner from 3rd tries for Home, SAFE, throw made home
Batting: LHB Arturo Ruíz 0-0: Swinging Strike
Passed Ball!
Miguel Gómes to third
Luis Mota to second
0-1: Fly out, F9 (Flyball, 9)
Runner from 3rd tags up, SCORES, throw made
Batting: SHB Domingo Ávila 0-0: Ball
1-0: Called Strike
1-1: SINGLE (Groundball, 56S) (infield hit)
Luis Mota to third
Batting: RHB Michael Edmonds 0-0: Ball
1-0: Foul Ball, location: 2F
1-1: Ball
2-1: Ball
3-1: Base on Balls
Domingo Ávila to second
Batting: RHB Nick Washington 0-0: Called Strike
0-1: Ball
1-1: Called Strike
1-2: Reached on error, E5 (Groundball, 56)
Luis Mota scores
Domingo Ávila to third
Michael Edmonds to second
Batting: RHB Blake Carpenter 0-0: Ball
1-0: Ball
2-0: Foul Ball, location: 2F
2-1: Ball
3-1: Foul Ball, location: 2F
3-2: Foul Ball, location: 2F
3-2: Base on Balls
Domingo Ávila scores
Michael Edmonds to third
Nick Washington to second
Batting: LHB Francisco Sousa 0-0: Called Strike
0-1: Ball
1-1: Ball
2-1: Ground out 2-3 (Groundball, 2L)
Top of the 1st over - 6 runs, 4 hits, 1 error, 3 left on base; Butler HS 6 - Tacoma HS 0
BOTTOM OF THE 1ST
Tacoma HS Torchmen batting - Pitching for Butler HS Golden Tornado : RHP Burt Taylor
Pitching: RHP Burt Taylor
Batting: RHB Sam Davis 0-0: Swinging Strike
0-1: Ball
1-1: Ground out 5-3 (Groundball, 56S)
Batting: RHB Bruce Cooper 0-0: Ball
1-0: Foul Ball, location: 2F
1-1: Foul Ball, location: 2F
1-2: Ball
2-2: Foul Ball, location: 2F
2-2: Ball
3-2: Foul Ball, location: 2F
3-2: Foul Ball, location: 2F
3-2: Foul Ball, location: 2F
3-2: Fly out, F7 (Line Drive, 7)
Batting: RHB Glenn Browne 0-0: Called Strike
0-1: Ball
1-1: Ball
2-1: SOLO HOME RUN (Flyball, 7D), Distance : 368 ft
Batting: RHB Jim Lipscomb 0-0: Called Strike
0-1: Called Strike
0-2: Strikes out swinging
Bottom of the 1st over - 1 run, 1 hit, 0 errors, 0 left on base; Butler HS 6 - Tacoma HS 1
TOP OF THE 2ND
Butler HS Golden Tornado batting - Pitching for Tacoma HS Torchmen : LHP Zack Johnson
Batting: RHB Gary Estes 0-0: Ball
1-0: Swinging Strike
1-1: Foul Ball, location: 2F
1-2: Foul Ball, location: 2F
1-2: Foul Ball, location: 2F
1-2: Ball
2-2: DOUBLE (Line Drive, 7LM)
Batting: RHB Miguel Gómes 0-0: Ball
1-0: Called Strike
1-1: Fly out, F8 (Flyball, 8RD)
Batting: RHB Luis Mota 0-0: Ball
1-0: Fly out, F6 (Popup, 6M)
Batting: LHB Arturo Ruíz 0-0: DOUBLE (Flyball, 8RD)
Gary Estes scores
Batting: SHB Domingo Ávila 0-0: Ball
1-0: Called Strike
1-1: Foul Ball, location: 2F
1-2: Ball
2-2: Strikes out looking
Top of the 2nd over - 1 run, 2 hits, 0 errors, 1 left on base; Butler HS 7 - Tacoma HS 1
BOTTOM OF THE 2ND
Tacoma HS Torchmen batting - Pitching for Butler HS Golden Tornado : RHP Burt Taylor
Batting: LHB Joseph Wood 0-0: Ground out 4-3 (Groundball, 4)
Batting: RHB Bobby Jackson 0-0: Ball
1-0: Ball
2-0: Ball
3-0: Called Strike
3-1: SINGLE (Line Drive, 78M)
Batting: LHB Ben Underwood 0-0: Called Strike
0-1: Ball
1-1: Ball
2-1: Ground out 4-3 (Groundball, 34)
Bobby Jackson to second
Batting: LHB Alberto Barrios 0-0: Called Strike
0-1: Ball
1-1: Foul Ball, location: 2F
1-2: DOUBLE (Flyball, 7LD)
Bobby Jackson scores
Batting: RHB John Barnett 0-0: Ball
1-0: SINGLE (Groundball, 6D)
Alberto Barrios to third
Runner from 3rd tries for Home, SAFE, no throw
Batting: RHB Sam Davis 0-0: Called Strike
John Barnett is caught stealing 2nd base
Bottom of the 2nd over - 2 runs, 3 hits, 0 errors, 0 left on base; Butler HS 7 - Tacoma HS 3
TOP OF THE 3RD
Butler HS Golden Tornado batting - Pitching for Tacoma HS Torchmen : LHP Zack Johnson
Batting: RHB Michael Edmonds 0-0: Foul Ball, location: 2F
0-1: Ground out 5-3 (Groundball, 5L)
Batting: RHB Nick Washington 0-0: Ball
1-0: SINGLE (Flyball, 89S)
Pitching: LHP Eric Pitcher
Batting: RHB Blake Carpenter 0-0: Ball
1-0: Foul Ball, location: 2F
1-1: Fly out, F6 (Line Drive, 6MD)
Batting: LHB Francisco Sousa 0-0: Called Strike
0-1: Foul Ball, location: 2F
0-2: Fly out, F7 (Flyball, 7S)
Top of the 3rd over - 0 runs, 1 hit, 0 errors, 1 left on base; Butler HS 7 - Tacoma HS 3
BOTTOM OF THE 3RD
Tacoma HS Torchmen batting - Pitching for Butler HS Golden Tornado : RHP Burt Taylor
Batting: RHB Sam Davis 0-0: Ground out 6-3 (Groundball, 6)
Batting: RHB Bruce Cooper 0-0: Ball
1-0: Ball
2-0: Swinging Strike
2-1: SINGLE (Groundball, 6MD)
Batting: RHB Glenn Browne 0-0: Fly out, F7 (Flyball, 78D)
Batting: RHB Jim Lipscomb 0-0: Swinging Strike
0-1: Swinging Strike
0-2: Foul Ball, location: 2F
0-2: Ball
1-2: Strikes out swinging
Bottom of the 3rd over - 0 runs, 1 hit, 0 errors, 1 left on base; Butler HS 7 - Tacoma HS 3
TOP OF THE 4TH
Butler HS Golden Tornado batting - Pitching for Tacoma HS Torchmen : LHP Eric Pitcher
Batting: RHB Gary Estes 0-0: Ground out 6-3 (Groundball, 6)
Batting: RHB Miguel Gómes 0-0: Ball
1-0: Ball
2-0: SINGLE (Flyball, 9LS)
Batting: RHB Luis Mota 0-0: Called Strike
0-1: Ball
1-1: Foul Ball, location: 2F
1-2: Ball
2-2: Foul Ball, location: 2F
2-2: Ball
3-2: SINGLE (Groundball, 34D)
Miguel Gómes to second
Runner from 2nd tries for 3rd, SAFE, no throw
Batting: LHB Arturo Ruíz 0-0: Called Strike
0-1: Ball
1-1: Foul Ball, location: 2F
1-2: Foul Ball, location: 2F
1-2: Hit by Pitch
Luis Mota to second
Batting: SHB Domingo Ávila 0-0: DOUBLE (Flyball, 78D)
Miguel Gómes scores
Luis Mota scores
Arturo Ruíz to third
Batting: RHB Michael Edmonds 0-0: Ball
1-0: Called Strike
1-1: SINGLE (Groundball, 56D)
Arturo Ruíz scores
Domingo Ávila to third
Batting: RHB Nick Washington 0-0: Foul Ball, location: 2F
0-1: Ball
1-1: Foul Ball, location: 2F
1-2: Ball
2-2: Foul Ball, location: 2F
2-2: Fielders Choice at 2nd, 3-6 (Groundball, 34)
Domingo Ávila scores
Batting: RHB Blake Carpenter 0-0: Ball
1-0: Fly out, F8 (Flyball, 78D)
Top of the 4th over - 4 runs, 4 hits, 0 errors, 1 left on base; Butler HS 11 - Tacoma HS 3
BOTTOM OF THE 4TH
Tacoma HS Torchmen batting - Pitching for Butler HS Golden Tornado : RHP Burt Taylor
Batting: LHB Joseph Wood 0-0: Ground out U3 (Groundball, 3D)
Batting: RHB Bobby Jackson 0-0: Foul Ball, location: 2F
0-1: Ball
1-1: Ball
2-1: Foul Ball, location: 2F
2-2: Fly out, F3 (Popup, 3DF)
Batting: LHB Ben Underwood 0-0: Fly out, F8 (Flyball, 8LS)
Bottom of the 4th over - 0 runs, 0 hits, 0 errors, 0 left on base; Butler HS 11 - Tacoma HS 3
TOP OF THE 5TH
Butler HS Golden Tornado batting - Pitching for Tacoma HS Torchmen : LHP Eric Pitcher
Batting: LHB Francisco Sousa 0-0: Called Strike
0-1: Fly out, F9 (Flyball, 9S)
Batting: RHB Gary Estes 0-0: Ball
1-0: Foul Ball, location: 2F
1-1: Ball
2-1: Foul Ball, location: 2F
2-2: Ball
3-2: Foul Ball, location: 2F
3-2: Foul Ball, location: 2F
3-2: Strikes out swinging
Batting: RHB Miguel Gómes 0-0: Foul Ball, location: 2F
0-1: Foul Ball, location: 2F
0-2: Ball
1-2: Ball
2-2: Foul Ball, location: 2F
2-2: DOUBLE (Line Drive, 9LD)
Batting: RHB Luis Mota 0-0: Ball
1-0: Ball
2-0: Called Strike
2-1: Foul Ball, location: 2F
2-2: Ball
3-2: DOUBLE (Line Drive, 7LS)
Miguel Gómes scores
Batting: LHB Arturo Ruíz 0-0: Swinging Strike
0-1: Ball
1-1: Called Strike
1-2: Fly out, F8 (Flyball, 8RD)
Top of the 5th over - 1 run, 2 hits, 0 errors, 1 left on base; Butler HS 12 - Tacoma HS 3
BOTTOM OF THE 5TH
Tacoma HS Torchmen batting - Pitching for Butler HS Golden Tornado : RHP Burt Taylor
Batting: LHB Alberto Barrios 0-0: Called Strike
0-1: Fly out, F5 (Popup, 56S)
Batting: RHB John Barnett 0-0: Called Strike
0-1: SINGLE (Groundball, 34S) (infield hit)
Batting: RHB Sam Davis 0-0: Ball
John Barnett is caught stealing 2nd base
1-0: Called Strike
1-1: DOUBLE (Line Drive, 7LM)
Batting: RHB Bruce Cooper 0-0: Ball
1-0: Ball
2-0: Ball
3-0: Base on Balls
Batting: RHB Glenn Browne 0-0: Ball
1-0: Foul Ball, location: 2F
1-1: Ball
2-1: Ball
3-1: Base on Balls
Sam Davis to third
Bruce Cooper to second
Batting: RHB Jim Lipscomb 0-0: Ball
1-0: Called Strike
1-1: Ball
2-1: TRIPLE (Flyball, 8RXD)
Sam Davis scores
Bruce Cooper scores
Glenn Browne scores
Batting: LHB Joseph Wood 0-0: Called Strike
0-1: Fly out, F9 (Flyball, 9LSF)
Bottom of the 5th over - 3 runs, 3 hits, 0 errors, 1 left on base; Butler HS 12 - Tacoma HS 6
TOP OF THE 6TH
Butler HS Golden Tornado batting - Pitching for Tacoma HS Torchmen : LHP Eric Pitcher
Pitching: LHP Markus Brockmann
Batting: SHB Domingo Ávila 0-0: Ball
1-0: Ball
2-0: Foul Ball, location: 2F
2-1: Swinging Strike
2-2: Strikes out swinging
Batting: RHB Michael Edmonds 0-0: Ball
1-0: Ball
2-0: Ball
3-0: Called Strike
3-1: Base on Balls
Batting: RHB Nick Washington 0-0: Ball
1-0: Grounds into double play, 4-6-3 (Groundball, 4)
Top of the 6th over - 0 runs, 0 hits, 0 errors, 0 left on base; Butler HS 12 - Tacoma HS 6
BOTTOM OF THE 6TH
Tacoma HS Torchmen batting - Pitching for Butler HS Golden Tornado : RHP Burt Taylor
Batting: RHB Bobby Jackson 0-0: Ball
1-0: Called Strike
1-1: Ball
2-1: Foul Ball, location: 2F
2-2: Ball
3-2: Base on Balls
Pitching: RHP Mark Clark
Batting: LHB Ben Underwood 0-0: Swinging Strike
0-1: Ball
1-1: Foul Ball, location: 2F
1-2: Ball
2-2: Ball
3-2: Foul Ball, location: 2F
3-2: 2-RUN HOME RUN (Flyball, 89XD), Distance : 416 ft
Batting: LHB Alberto Barrios 0-0: Foul Ball, location: 2F
0-1: SINGLE (Line Drive, 34)
Batting: RHB John Barnett 0-0: Called Strike
0-1: Foul Ball, location: 2F
0-2: Ball
1-2: Ball
2-2: SINGLE (Line Drive, 7S)
Alberto Barrios to second
Batting: RHB Sam Davis 0-0: Ball
1-0: Foul Ball, location: 2F
1-1: Ball
2-1: Ground out 3-1 (Groundball, 34S)
Alberto Barrios to third
John Barnett to second
Batting: RHB Bruce Cooper 0-0: Foul Ball, location: 2F
0-1: Ball
1-1: Foul Ball, location: 2F
1-2: Ground out 5-3 (Groundball, 56S)
Alberto Barrios scores
John Barnett to third
Batting: RHB Glenn Browne 0-0: Ball
1-0: Ball
2-0: Swinging Strike
2-1: Ball
3-1: 2-RUN HOME RUN (Flyball, 78XD), Distance : 416 ft
Pitching: RHP John Moore
Batting: RHB Jim Lipscomb 0-0: Called Strike
0-1: Ball
1-1: Foul Ball, location: 2F
1-2: Ball
2-2: Ball
3-2: Foul Ball, location: 2F
3-2: Ground out U3 (Groundball, 34)
Bottom of the 6th over - 5 runs, 4 hits, 0 errors, 0 left on base; Butler HS 12 - Tacoma HS 11
TOP OF THE 7TH
Butler HS Golden Tornado batting - Pitching for Tacoma HS Torchmen : LHP Markus Brockmann
Batting: RHB Blake Carpenter 0-0: Ball
1-0: DOUBLE (Flyball, 8LD)
Batting: LHB Francisco Sousa 0-0: Ball
1-0: Called Strike
1-1: Ball
2-1: Called Strike
2-2: Strikes out swinging
Batting: RHB Gary Estes 0-0: SINGLE (Groundball, 34D)
Blake Carpenter to third
Runner from 3rd tries for Home, SAFE, no throw
Batting: RHB Miguel Gómes 0-0: Called Strike
0-1: 2-RUN HOME RUN (Flyball, 7D), Distance : 360 ft
Pitching: RHP Marvin Boland
Batting: RHB Luis Mota 0-0: Ball
1-0: Foul Ball, location: 2F
1-1: Foul Ball, location: 2F
1-2: Strikes out swinging passed ball, reaches first!
Batting: LHB Arturo Ruíz 0-0: Swinging Strike
0-1: Ball
1-1: Ball
2-1: Ball
3-1: Swinging Strike
3-2: Reached on error, E4 (Groundball, 4)
Luis Mota to second
Batting: SHB Domingo Ávila 0-0: Called Strike
0-1: Ball
1-1: Swinging Strike
1-2: Foul Ball, location: 2F
1-2: Foul Ball, location: 2F
1-2: Foul Ball, location: 2F
1-2: Ball
2-2: Grounds into double play, 4-6-3 (Groundball, 4)
Top of the 7th over - 3 runs, 3 hits, 1 error, 1 left on base; Butler HS 15 - Tacoma HS 11
BOTTOM OF THE 7TH
Tacoma HS Torchmen batting - Pitching for Butler HS Golden Tornado : RHP John Moore
Batting: LHB Joseph Wood 0-0: Ball
1-0: Ball
2-0: SINGLE (Line Drive, 4MD)
Batting: RHB Bobby Jackson 0-0: Ball
1-0: Fly out, F3 (Popup, 3L)
Batting: LHB Ben Underwood 0-0: Foul Ball, location: 2F
0-1: Ball
1-1: Fly out, F4 (Popup, 4M)
Batting: LHB Alberto Barrios 0-0: Foul Ball, location: 2F
0-1: Ball
1-1: SINGLE (Groundball, 6MD)
Joseph Wood to second
Runner from 2nd tries for 3rd, SAFE, no throw
Batting: RHB John Barnett 0-0: Ball
1-0: Ball
2-0: Called Strike
2-1: Ball
3-1: Foul Ball, location: 2F
3-2: Base on Balls
Alberto Barrios to second
Batting: RHB Sam Davis 0-0: Fly out, F8 (Flyball, 89M)
Bottom of the 7th over - 0 runs, 2 hits, 0 errors, 3 left on base; Butler HS 15 - Tacoma HS 11
TOP OF THE 8TH
Butler HS Golden Tornado batting - Pitching for Tacoma HS Torchmen : RHP Marvin Boland
Batting: RHB Michael Edmonds 0-0: Called Strike
0-1: Called Strike
0-2: Ball
1-2: Strikes out swinging
Batting: RHB Nick Washington 0-0: Ball
1-0: Ball
2-0: Called Strike
2-1: Foul Ball, location: 2F
2-2: Ground out 6-3 (Groundball, 56)
Batting: RHB Blake Carpenter 0-0: Called Strike
0-1: Ball
1-1: Swinging Strike
1-2: Foul Ball, location: 2F
1-2: Strikes out swinging
Top of the 8th over - 0 runs, 0 hits, 0 errors, 0 left on base; Butler HS 15 - Tacoma HS 11
BOTTOM OF THE 8TH
Tacoma HS Torchmen batting - Pitching for Butler HS Golden Tornado : RHP John Moore
Batting: RHB Bruce Cooper 0-0: Swinging Strike
0-1: Foul Ball, location: 2F
0-2: Strikes out swinging
Batting: RHB Glenn Browne 0-0: Ball
1-0: Ball
2-0: Ball
3-0: Called Strike
3-1: Base on Balls
Pitching: LHP Jeremy Howe
Batting: RHB Jim Lipscomb 0-0: Fly out, F4 (Line Drive, 4)
Batting: LHB Joseph Wood 0-0: Called Strike
0-1: Foul Ball, location: 2F
0-2: Strikes out swinging
Bottom of the 8th over - 0 runs, 0 hits, 0 errors, 1 left on base; Butler HS 15 - Tacoma HS 11
TOP OF THE 9TH
Butler HS Golden Tornado batting - Pitching for Tacoma HS Torchmen : RHP Marvin Boland
Batting: LHB Francisco Sousa 0-0: Ball
1-0: Foul Ball, location: 2F
1-1: Hit by Pitch
Batting: RHB Gary Estes 0-0: SINGLE (Line Drive, 7S)
Francisco Sousa to second
Batting: RHB Miguel Gómes 0-0: Called Strike
0-1: Ball
1-1: Foul Ball, location: 2F
1-2: Strikes out swinging
Batting: RHB Luis Mota 0-0: Ball
1-0: Ball
2-0: Ball
3-0: Called Strike
3-1: SINGLE (Groundball, 6D)
Francisco Sousa to third
Gary Estes to second
Runner from 3rd tries for Home, SAFE, no throw
Batting: LHB Arturo Ruíz 0-0: Ball
1-0: Grounds into double play, 4-6-3 (Groundball, 4M)
Top of the 9th over - 1 run, 2 hits, 0 errors, 1 left on base; Butler HS 16 - Tacoma HS 11
BOTTOM OF THE 9TH
Tacoma HS Torchmen batting - Pitching for Butler HS Golden Tornado : LHP Jeremy Howe
Batting: RHB Bobby Jackson 0-0: Ball
1-0: Ground out 4-3 (Groundball, 4D)
Batting: LHB Ben Underwood 0-0: Swinging Strike
0-1: Called Strike
0-2: Ball
1-2: Ball
2-2: Ball
3-2: Fly out, F9 (Flyball, 9LS)
Batting: LHB Alberto Barrios 0-0: Ball
1-0: Called Strike
1-1: Ball
2-1: Ball
3-1: Base on Balls
Batting: RHB John Barnett 0-0: Called Strike
0-1: Ball
1-1: Foul Ball, location: 2F
1-2: Ball
2-2: Strikes out swinging
Bottom of the 9th over - 0 runs, 0 hits, 0 errors, 1 left on base; Butler HS 16 - Tacoma HS 11
Saturday, April 7th, 2018 - OOTP Baseball 18.8 Build 76